 Dungeon Crawl Stone Soup version 0.27-a0-1591-gc56fcc985a (webtiles) character file.

Game seed: 7239576643685535476

18837 quinnr the Stormcaller (level 12, -1/73 HPs)
             Began as a Tengu Air Elementalist on July 19, 2021.
             Was an Elder of Sif Muna.
             Shot with an arrow by a centaur warrior (19 damage)
             ... on level 12 of the Dungeon on July 20, 2021.
             The game lasted 00:34:54 (20954 turns).

quinnr the Stormcaller (Tengu Air Elementalist)    Turns: 20954, Time: 00:34:54

Health: -1/73      AC:  7    Str:  9    XL:     12   Next: 62%
Magic:  16/25      EV: 19    Int: 23    God:    Sif Muna [****..]
Gold:   624        SH:  6    Dex: 17    Spells: 15/28 levels left

rFire    . . .     SeeInvis .   y - staff of air
rCold    + . .     Faith    .   b - +1 buckler of the Cartwright {rN+ Stlth+}
rNeg     + . .     Spirit   .   F - +0 robe {rC+}
rPois    .         Reflect  .   (helmet restricted)
rElec    +         Harm     .   r - +0 cloak
rCorr    .         Rampage  .   (no gloves)
Will     +....                  (boots unavailable)
Stlth    +++.......             (no amulet)
HPRegen  0.22/turn              k - +4 ring of protection
MPRegen  0.19/turn              q - ring "Giraot" {+Blink Will+ Int+2 Dex+3}

@: flying quickly and evasively, quick
A: beak, talons 3, nimble flight
a: Renounce Religion, Evoke Blink, Channel Magic, Forget Spell, Divine Exegesis


You were on level 12 of the Dungeon.
You worshipped Sif Muna.
Sif Muna was greatly pleased with you.
You visited 2 branches of the dungeon, and saw 13 of its levels.
You also visited: Bailey.

You collected 768 gold pieces.
You spent 144 gold pieces at shops.

Inventory:

Hand Weapons
 n - the +12 arbalest of Biphij {flame, rPois rC+ Str-3 Stlth+}
   (You took it off a hobgoblin in a bailey)

   Any ammunition fired from it burns those it strikes, dealing additional fire
   damage.
   Str:       It affects your strength (-3).
   rC:        It protects you from cold.
   rPois:     It protects you from poison.
   Stlth:     It makes you more stealthy.
 t - a +3 dagger of electrocution
Armour
 b - the +1 buckler of the Cartwright (worn) {rN+ Stlth+}
   (You acquired it on level 8 of the Dungeon)

   rN:        It protects you from negative energy.
   Stlth:     It makes you more stealthy.
 r - a +0 cloak (worn)
 F - a +0 robe of cold resistance (worn)
Magical Staves
 v - a staff of poison
 y - a staff of air (weapon)
Jewellery
 k - a +4 ring of protection (left hand)
 q - the ring "Giraot" (right hand) {+Blink Will+ Int+2 Dex+3}
   (You found it on level 12 of the Dungeon)

   [ring of willpower]

   Int:       It affects your intelligence (+2).
   Dex:       It affects your dexterity (+3).
   +Blink:    It lets you blink.
   Will:      It increases your willpower.
Wands
 A - a wand of iceblast (6)
 C - a wand of flame (30)
 H - a wand of charming (10)
Scrolls
 c - a scroll of vulnerability {unknown}
 d - a scroll of fog {unknown}
 e - 4 scrolls of teleportation {unknown}
 f - a scroll of enchant weapon
 w - a scroll of enchant armour {unknown}
 x - a scroll of fear
 G - a scroll of torment {unknown}
Potions
 a - 3 potions of magic {unknown}
 g - 3 potions of might
 h - a potion of invisibility {unknown}
 i - 2 potions of lignification {unknown}
 j - 5 potions of heal wounds
 l - 3 potions of brilliance
 m - a potion of ambrosia {unknown}
 o - 6 potions of haste {unknown}
 p - a potion of resistance {unknown}
 s - 2 potions of degeneration {unknown}
 u - a potion of berserk rage {unknown}
 z - 2 potions of curing
 B - a potion of cancellation


   Skills:
 + Level 7.7 Fighting
 - Level 7.0 Dodging
 - Level 3.0 Stealth
 - Level 4.0 Shields
 + Level 8.8 Spellcasting
 + Level 3.0 Conjurations
 + Level 1.6 Ice Magic
 - Level 17.1 Air Magic
 - Level 4.0 Evocations


You had 15 spell levels left.
You knew the following spells:

 Your Spells              Type           Power      Damage    Failure   Level
a - Shock                 Conj/Air       100%       1d9       1%          1
b - Airstrike             Air            46%        N/A       1%          4
c - Mephitic Cloud        Conj/Pois/Air  58%        N/A       1%          3
d - Freezing Cloud        Conj/Ice/Air   30%        6-21      9%          5

Your spell library contained the following spells:

 Spells                   Type           Power      Damage    Failure   Level
 Swiftness                Air            93%        N/A       0%          3
 Static Discharge         Conj/Air       71%        N/A       1%          2
 Corona                   Hex            11%        N/A       6%          1
 Ensorcelled Hibernation  Hex/Ice        26%        N/A       7%          2
 Passwall                 Tmut/Erth      8%         N/A       10%         2
 Tukima's Dance           Hex            10%        N/A       19%         3
 Iron Shot                Conj/Erth      8%         9d3       99%         6
 Starburst                Conj/Fire      8%         8x6d4     99%         6
 Invisibility             Hex            5%         N/A       100%        6


Dungeon Overview and Level Annotations

Branches:
Dungeon (12/15)            Temple (1/1) D:4            Lair (0/6) D:9
    Orc (0/2) D:10         Bailey (visited)

Altars:
Ashenzari
Cheibriados
Dithmenos
Elyvilon
Fedhas
Gozag
Hepliaklqana
Kikubaaqudgha
Makhleb
Nemelex Xobeh
Okawaru
Qazlal
Ru
Sif Muna
Trog
Uskayaw
Vehumet
Wu Jian
Xom
Yredelemnul
Zin
The Shining One

Shops:
D:2 !

Annotations:
D:10 exclusion: door


Innate Abilities, Weirdness & Mutations

You have a beak for a mouth.
You have claws for feet.
Your magical nature lets you fly swiftly and evasively.


Message History

Found a potion of might.
g - 3 potions of might (gained 1)
You reach down and open the door.
Found a book of Burglary.
There is an open door here.
o - 6 glowing amethyst potions (gained 2)
Found 18 gold pieces.
You now have 624 gold pieces (gained 18).
A centaur warrior comes into view.
A centaur warrior is nearby!
You feel a surge of power!
The zap hits the centaur warrior but does no damage.
The centaur warrior shouts!
The zap hits the centaur warrior!
The centaur warrior is lightly wounded.
The centaur warrior wields a +0 longbow.
The centaur warrior shoots an arrow.
The arrow hits you!!
The centaur warrior shoots an arrow.
The arrow misses you.
Casting: Shock (safe; 1% risk of failure)
Confirm with . or Enter, or press ? or * to list all spells.
Aiming: Airstrike (safe; 1% risk of failure)
Press: ? - help, Dir - move target, f/p - centaur warrior
Aim: a centaur warrior, wielding a +0 longbow and quivering arrows (lightly wounded)
You feel a surge of power!
The air twists around and strikes the centaur warrior!
The centaur warrior is moderately wounded.
You hear two shouts!
The centaur warrior shoots an arrow.
The arrow hits you!
Casting: Airstrike (safe; 1% risk of failure)
Confirm with . or Enter, or press ? or * to list all spells.
Aiming: Airstrike (safe; 1% risk of failure)
Press: ? - help, Dir - move target, f/p - centaur warrior
Aim: a centaur warrior, wielding a +0 longbow and quivering arrows (moderately wounded)
You feel a surge of power!
The air twists around and strikes the centaur warrior!
The centaur warrior is heavily wounded.
The centaur warrior shoots an arrow.
The arrow hits you!
* * * LOW HITPOINT WARNING * * *
The centaur warrior shoots an arrow.
The arrow hits you!!
You die...

..........#.......#####
.############.........#
.# ***########.## .#
*,,,,,,..##.# .#
*,*****#c##.# .# *,*
#.##.# ## *,* #.##.#
*,######.##.#
*,#....@.##.#
*,#.#######.#
**********,#.# #.#
,,,,,,,,,,,#.# #.#
***********#.#######.#
#.........# #########.#
#.# ###


You could see a centaur warrior.

Vanquished Creatures
  Josephine (D:10)
  2 two-headed ogres (D:12)
  2 orc high priests (Bailey)
  3 orc knights (Bailey)
  A wizard (D:10)
  An ugly thing (D:10)
  A cyclops (D:12)
  A kobold demonologist (D:12)
  Prince Ribbit (D:6)
  4 slime creatures (D:12)
  A shadow (D:10)
  6 wraiths (D:10)
  4 wyverns
  15 yaks
  A steam dragon (D:8)
  4 vampire mosquitoes (D:11)
  A warg (D:10)
  An acid dragon (D:10)
  3 water moccasins
  3 black bears (D:9)
  3 ice beasts
  12 orc warriors
  A sky beast (D:7)
  A necrophage (D:6)
  2 wolves (D:9)
  2 centaurs
  3 ogres
  2 phantoms
  2 kobold brigands (D:12)
  2 bullfrogs
  6 scorpions
  18 killer bees
  5 electric eels (Bailey)
  7 howler monkeys
  A jelly (D:5)
  2 bullfrog skeletons (D:7)
  2 hounds
  A centaur skeleton (D:6)
  6 centaur zombies
  7 orc priests
  2 iguanas
  Natasha (thrice) (D:2)
  12 orc wizards
  A howler monkey zombie (D:7)
  Robin (D:3)
  15 gnolls
  6 adders
  A shadow imp (D:7)
  An ufetubus (D:4)
  A worm (D:2)
  40 orcs
  3 bats
  3 endoplasms
  3 giant cockroaches
  23 goblins
  17 hobgoblins
  7 jackals
  3 quokkas (D:1)
  3 ball pythons
  2 frilled lizards
  9 kobolds
  5 rats
302 creatures vanquished.

Vanquished Creatures (others)
  5 fungi (D:9)
  19 plants (D:9)
24 creatures vanquished.

Grand Total: 326 creatures vanquished

Notes
Turn   | Place    | Note
-------+----------+-------------------------------------------
     0 | D:1      | quinnr the Tengu Air Elementalist began the quest for the
                  | Orb.
     0 | D:1      | Reached XP level 1. HP: 10/10 MP: 4/4
   272 | D:1      | Reached XP level 2. HP: 15/15 MP: 1/6
  1168 | D:1      | Reached XP level 3. HP: 19/19 MP: 1/8
  1348 | D:1      | Found a faded altar of an unknown god.
  1636 | D:2      | Noticed Natasha
  1651 | D:2      | Killed Natasha
  1652 | D:2      | Reached skill level 5 in Air Magic
  1652 | D:2      | Reached XP level 4. HP: 24/24 MP: 4/9
  1992 | D:2      | Learned a level 4 spell: Airstrike
  2131 | D:2      | Noticed Natasha
  2138 | D:2      | Killed Natasha
  2139 | D:2      | Reached skill level 6 in Air Magic
  2242 | D:2      | Found Xaacocs's Distillery.
  2330 | D:2      | Gained mutation: Your magical nature lets you fly swiftly
                  | and evasively. [Tengu growth]
  2330 | D:2      | Reached XP level 5. HP: 28/28 MP: 3/10
  2336 | D:2      | Bought a potion of heal wounds for 60 gold pieces
  2336 | D:2      | Bought a potion of curing for 36 gold pieces
  2336 | D:2      | Bought a potion of brilliance for 48 gold pieces
  2517 | D:2      | Noticed Natasha
  2538 | D:2      | Killed Natasha
  2539 | D:2      | Reached skill level 7 in Air Magic
  3971 | D:3      | Reached XP level 6. HP: 33/33 MP: 5/11
  3991 | D:3      | Reached skill level 1 in Fighting
  3999 | D:3      | Noticed Robin
  4002 | D:3      | Killed Robin
  4473 | D:4      | Found a staircase to the Ecumenical Temple.
  5090 | D:4      | Reached skill level 8 in Air Magic
  5293 | Temple   | Entered the Ecumenical Temple
  5433 | Temple   | quinnr: !lg * TeAE won s=god
  5433 | Temple   | beem: 465 games for * (TeAE won): 236x Vehumet, 56x
                  | Ashenzari, 55x Sif Muna, 22x Gozag, 15x Ru, 12x
                  | Kikubaaqudgha, 11x Cheibriados, 10x Dithmenos, 7x The
                  | Shining One, 5x Okawaru, 4x Qazlal, 4x Hepliaklqana, 4x
                  | Fedhas, 3x Jiyva, 3x Elyvilon, 3x Wu Jian, 3x Makhleb, 3x
                  | Nemelex Xobeh, 2x Yredelemnul, 2x Uskayaw, 2x Xom, Lugonu,
                  | Trog, Zin
  5446 | Temple   | Became a worshipper of Sif Muna the Loreminder
  5708 | D:5      | Entered Level 5 of the Dungeon
  5939 | D:4      | Reached XP level 7. HP: 21/40 MP: 8/12
  5940 | D:4      | Reached skill level 9 in Air Magic
  7110 | D:6      | Reached skill level 10 in Air Magic
  7110 | D:6      | Reached XP level 8. HP: 46/46 MP: 0/14
  7697 | D:6      | Reached * piety under Sif Muna
  7929 | D:6      | Reached skill level 5 in Spellcasting
  7975 | D:6      | Noticed Prince Ribbit
  8021 | D:6      | Reached skill level 5 in Fighting
  8476 | D:6      | Killed Prince Ribbit
  8734 | D:7      | Reached XP level 9. HP: 54/54 MP: 11/17
  9383 | D:7      | Reached skill level 11 in Air Magic
  9736 | D:7      | Found an ornate altar of the Wu Jian Council.
 10404 | D:8      | Identified a scroll of acquirement
 10404 | D:8      | Acquired the +1 buckler of the Cartwright {rN+ Stlth+}
 10477 | D:8      | Reached skill level 1 in Shields
 10645 | D:8      | Found an opulent altar of Gozag.
 10876 | D:8      | HP: 5/54 [poisoned by a killer bee]
 11639 | D:8      | Found a basalt altar of Yredelemnul.
 11639 | D:8      | Found a sacrificial altar of Ru.
 11714 | D:8      | Found a radiant altar of Vehumet.
 11984 | D:9      | Reached skill level 12 in Air Magic
 11984 | D:9      | Reached XP level 10. HP: 59/59 MP: 13/19
 12078 | D:9      | Reached ** piety under Sif Muna
 12847 | D:9      | Reached skill level 5 in Dodging
 13135 | D:9      | Found a staircase to the Lair.
 13340 | D:9      | Reached skill level 13 in Air Magic
 14114 | D:10     | Entered Level 10 of the Dungeon
 14433 | D:10     | Reached skill level 14 in Air Magic
 15065 | D:10     | Reached XP level 11. HP: 63/63 MP: 9/22
 15232 | D:10     | Found a staircase to the Orcish Mines.
 15318 | D:10     | Noticed Josephine
 15525 | D:10     | Reached skill level 15 in Air Magic
 15756 | D:10     | Killed Josephine
 16137 | D:10     | Reached skill level 16 in Air Magic
 16363 | D:10     | Noticed a green ugly thing
 16368 | D:10     | Killed a green ugly thing
 16368 | D:10     | Reached *** piety under Sif Muna
 16509 | D:10     | Found a hazy altar of Hepliaklqana.
 16551 | D:10     | Noticed a wizard
 16561 | D:10     | Killed a wizard
 16742 | D:10     | Noticed a large abomination
 16742 | D:10     | Noticed a large abomination
 16742 | D:10     | Noticed a large abomination
 16742 | D:10     | Noticed a large abomination
 18062 | D:12     | Noticed a cyclops
 18265 | D:12     | Noticed a two-headed ogre
 18285 | D:12     | Killed a two-headed ogre
 18286 | D:12     | Reached XP level 12. HP: 50/71 MP: 12/24
 18371 | D:12     | Found a flagged portal.
 18387 | Bailey   | Entered a bailey
 19085 | Bailey   | Acquired a +4 ring of protection
 19266 | Bailey   | Noticed an orc high priest
 19266 | Bailey   | Noticed an orc high priest
 19275 | Bailey   | Killed an orc high priest
 19292 | Bailey   | Reached **** piety under Sif Muna
 19529 | Bailey   | Killed an orc high priest
 19530 | Bailey   | Reached skill level 17 in Air Magic
 19546 | Bailey   | Identified the +12 arbalest of Biphij {flame, rPois rC+
                  | Str-3 Stlth+}
 19798 | Bailey   | Found an iron altar of Okawaru.
 20231 | Bailey   | Got Sif Muna's Catalogue of Combat Magic and Flight
 20236 | Bailey   | Learned a level 3 spell: Mephitic Cloud
 20242 | Bailey   | Learned a level 5 spell: Freezing Cloud
 20481 | D:12     | Noticed a two-headed ogre
 20512 | D:12     | Killed a two-headed ogre
 20611 | D:12     | Reached skill level 1 in Ice Magic
 20844 | D:12     | Identified the ring "Giraot" {+Blink Will+ Int+2 Dex+3}
 20950 | D:12     | Noticed a centaur warrior
 20954 | D:12     | Shot with an arrow by a centaur warrior

Illustrated notes

Levels and vault maps discovered:
D:1:      minmay_arrival_nine_rooms, layout_basic, ebering_ecumenical_altar_hall
D:2:      layout_loops_corners, serial_shops, nicolae_shop_waterfront,
          uniq_natasha
D:3:      layout_loops_ring, uniq_robin
D:4:      layout_loops_ring, lemuel_temple_firewalk_b, chequers_hall_statues_y
D:5:      layout_cave_pools, minmay_misc_feat_enclosed
D:6:      layout_basic, uniq_prince_ribbit1
D:7:      layout_layer_cave, marbit_many_paths, serial_park_tiny_pond
D:8:      layout_rooms, gammafunk_temple_overflow_elements,
          mainiacjoe_overflow_catwalk, lemuel_round_altar
D:9:      layout_loops_cross, minmay_lair_entry_grove, nicolae_wwwww
D:10:     layout_basic, pf_just_have_faith, david_orc_3, laboratory,
          uniq_josephine
D:11:     layout_small_grid
D:12:     layout_basic, enter_bailey_8
Temple:   nicolae_temple_elliptical

Skill      XL: |  1  2  3  4  5  6  7  8  9 10 11 12 |
---------------+-------------------------------------+-----
Spellcasting   | 3 5 7 8 |  8.8
Air Magic      | 5 6 7 8 10 12 14 16 17 | 17.1
Fighting       | 2 3 5 6 7 |  7.7
Stealth        | 3 |  3.0
Evocations     | 2 4 |  4.0
Shields        | 4 |  4.0
Dodging        | 3 5 6 7 |  7.0
Conjurations   | 3 |  3.0
Ice Magic      | 1 |  1.6

Action                   |  1- 3 |  4- 6 |  7- 9 | 10-12 || total
-------------------------+-------+-------+-------+-------++-------
Melee: Unarmed           |    12 |       |       |       ||    12
       Peck              |     1 |     1 |     3 |     8 ||    13
       Kick              |     2 |     7 |     6 |    15 ||    30
       Dagger            |       |    20 |     8 |    17 ||    45
       Staff             |       |       |    12 |    22 ||    34
 Cast: Shock             |    74 |   149 |   136 |   344 ||   703
       Airstrike         |       |     1 |    57 |   151 ||   209
       Freezing Cloud    |       |       |       |     2 ||     2
Evoke: Wand              |       |       |       |     2 ||     2
  Use: Potion            |       |     1 |       |       ||     1
       Scroll            |       |       |     6 |     5 ||    11
 Stab: Sleeping          |       |     1 |       |       ||     1
Armor: Robe              |     8 |     5 |     8 |    23 ||    44
Dodge: Dodged            |    21 |    35 |    54 |   129 ||   239
Block: Buckler           |       |       |    13 |    44 ||    57

Table legend: (Time is in decaauts)
 A = Elapsed time spent in this place.
 B = Non-inter-level travel time spent in this place.
 C = Inter-level travel time spent in this place.
 D = Time resting spent in this place.
 E = Time spent auto-exploring this place.
 F = Levels seen in this place.
 G = Mean time per level.
                   A        B        C        D        E       F      G
               +--------+--------+--------+--------+--------+-----+--------+
         Total |  20168 |  19485 |    683 |   4668 |  12339 |  14 | 1440.6 |
       Dungeon |  18159 |  17509 |    650 |   3890 |  11630 |  12 | 1513.2 |
        Temple |    158 |    126 |     32 |      0 |    125 |   1 |  158.0 |
        Bailey |   1851 |   1851 |      0 |    778 |    584 |   1 | 1851.0 |
               +--------+--------+--------+--------+--------+-----+--------+

Top non-repeatable levels by time:
     D:9: 2236 daAuts
     D:8: 2162 daAuts
    D:10: 1942 daAuts
     D:2: 1937 daAuts
  Bailey: 1851 daAuts
     D:7: 1641 daAuts
     D:4: 1521 daAuts
     D:1: 1371 daAuts
     D:6: 1329 daAuts
    D:12: 1043 daAuts
     D:3: 1007 daAuts
     D:5: 996 daAuts
    D:11: 971 daAuts
  Temple: 158 daAuts
